Cogmind - Beta 15 @@@ ROGUE MODE // 2025.05.23 @ 09:45:26 Player: Fleshy Vegetable Bird Result: Destroyed by KF-KWZ(R) with Subdweller Shrapnel Launcher Performance ------------- Evolutions (0) 0 Regions Visited (3) 600 Robots Destroyed (42) 210 Value Destroyed (1051) 1051 Prototype IDs (13) 260 Alien Tech Used (0) 0 Bonus (-105) -105 TOTAL SCORE: 2016 Bonus ------- Friendly Fire -105 Cogmind --------- Core Integrity 0/250 Matter 38/300 Energy 48/100 System Corruption 0% Temperature Cool (0) Movement Rolling (120) Ox2 Location -10/Subcaves Parts ------- > --- POWER (1) -------- (None) > --- PROPULSION (2) --- Armored Wheel Subdweller Monowheel > --- UTILITY (2) ------ Large Storage Unit > --- WEAPON (2) ------- Subdweller Beam Cannon Subdweller Machine Gun > --- INVENTORY (15) --- Subdweller Monowheel Subdweller Monowheel Subdweller Monowheel Subdweller Monowheel High-capacity Matter Pod (200) Subdweller Optics Subdweller Optics Subdweller Optics Scrap Shield Subdweller Laser Subdweller Shrapnel Launcher Makeshift Axe Scrap Shield Fragment (49) Peak State ------------ > --- POWER ------------ Makeshift Power Source > --- PROPULSION ------- Armored Wheel Armored Wheel > --- UTILITY ---------- Large Storage Unit Makeshift Kinetic Plating > --- WEAPON ----------- Battle Cannon Makeshift Axe > --- INVENTORY -------- Subdweller Monowheel Subdweller Monowheel Subdweller Monowheel Subdweller Monowheel High-capacity Matter Pod Subdweller Optics Subdweller Optics Subdweller Optics Scrap Shield Subdweller Laser Subdweller Beam Cannon Subdweller Machine Gun Scrap Shield Fragment [Rating: 21] Favorites ----------- Power Subdweller Power Source Engine Subdweller Power Source Power Core Light Nuclear Core Propulsion Armored Wheel Treads Light Treads Wheel Armored Wheel Utility Large Storage Unit Device Improved Terrain Scanner Storage Large Storage Unit Processor Improved Targeting Computer Protection Makeshift Kinetic Plating Weapon Battle Cannon Energy Cannon Subdweller Beam Cannon Ballistic Gun Assault Rifle Ballistic Cannon Battle Cannon Launcher Rocket Launcher Slashing Weapon Makeshift Axe Build | -11 -10 -10 -10 ------- Run | Yrd Mat Min Sub Slots Evolved . | . . . . Power . | . . . . Propulsion . | . . . . Utility . | . . . . Weapon . | . . . . Parts Attached 41 | 7 13 3 18 Power 6 | 1 2 . 3 Engine 5 | 1 2 . 2 Core 1 | . . . 1 Reactor . | . . . . Propulsion 15 | 2 7 2 4 Treads 1 | . 1 . . Leg . | . . . . Wheel 14 | 2 6 2 4 Hover . | . . . . Flight . | . . . . Utility 7 | 2 2 . 3 Device 1 | 1 . . . Storage 2 | 1 1 . . Processor 2 | . 1 . 1 Hackware . | . . . . Protection 2 | . . . 2 Artifact . | . . . . Weapon 13 | 2 2 1 8 Energy Gun . | . . . . Energy Cannon 1 | . . . 1 Ballistic Gun 5 | 2 1 . 2 Ballistic Cannon 1 | . . . 1 Launcher 5 | . 1 . 4 Special Weapon . | . . . . Impact Weapon . | . . . . Slashing Weapon 1 | . . 1 . Piercing Weapon . | . . . . Special Melee Weapon . | . . . . Unidentified Prototypes . | . . . . Parts Lost 19 | . 5 . 14 Power 4 | . 2 . 2 Propulsion 5 | . 2 . 3 Utility 3 | . . . 3 Weapon 7 | . 1 . 6 Highest Loss Streak 5 | . 3 . 5 To Critical Strikes . | . . . . Average Backups 11 | 3 9 14 12 Power . | . 1 1 . Propulsion 3 | 2 4 3 3 Utility 4 | . 2 5 5 Weapon 2 | . 1 5 3 Tool/Special . | . . . . Unused Backups 19 | 2 3 1 13 Power . | . . . . Propulsion 7 | 2 . . 5 Utility 10 | . 3 1 6 Weapon 2 | . . . 2 Tool/Special . | . . . . Average Slot Usage (%) 92 | . 94 78 94 Engine 8 | . 11 . 8 Wheel 27 | . 24 28 27 Device 4 | . 11 . 2 Storage 14 | . 14 14 14 Processor 3 | . 2 14 2 Protection 5 | . . . 7 Energy Cannon 1 | . . . 2 Ballistic Gun 8 | . 23 . 5 Ballistic Cannon 6 | . . . 8 Launcher 5 | . 2 14 4 Slashing Weapon 5 | . . 7 6 Peak Build Rating 21 | 9 12 14 21 Average Rating 14 | 5 9 12 17 On Entrance 8 | . 9 10 13 Naked Turns . | . . . . Heaviest Build 43 | 12 31 27 43 Greatest Support 24 | 20 22 22 24 Greatest Overweight (x) 3 | . 2 2 3 Average Overweight (x) 1 | . . 1 1 Largest Inventory Capacity 15 | 8 15 15 15 Average Capacity 13 | 6 10 15 15 Most Carried 15 | 7 14 15 15 Average Carried 13 | 3 9 14 14 Final Capacity 15 | 8 15 15 15 Final Carried 15 | 7 14 15 14 Class Distribution -------------------- 75% | Mutant 19% | Derelict-Mutant 5% | Scavenger-Mutant Dominant Class ---------------- Mutant | -10/Materials Mutant | -10/Mines Mutant | -10/Subcaves Resources | -11 -10 -10 -10 ----------- Run | Yrd Mat Min Sub Matter Collected 1578 | 334 415 183 646 Remotely . | . . . . Salvage Created 1053 | 198 244 92 519 Parts 85 | 19 17 6 43 Haulers Intercepted . | . . . . Recyclers Shooed 2 | . 1 1 . Parts Field Recycled . | . . . . Retrieved Matter . | . . . . Parts Self-Destructed 10 | . . . 10 Prevented . | . . . . Kills | -11 -10 -10 -10 ------- Run | Yrd Mat Min Sub Combat Hostiles Destroyed 31 | . 7 3 21 Melee 1 | . . . 1 Guns 13 | . 7 . 6 Cannons 5 | . . . 5 AOE 12 | . . 3 9 Classes Destroyed 10 | 3 3 . 4 Worker 2 | 2 . . . Tunneler 7 | 4 . 3 . Recycler 1 | 1 . . . Watcher 1 | . 1 . . Swarmer 9 | . 3 3 3 Grunt 6 | . 4 . 2 Sentry 1 | . . . 1 Artisan 1 | . . . 1 Subdweller 15 | . . . 15 Scientist 1 | . . . 1 Best Kill Streak 4 | 4 3 3 3 Combat Bots Only 3 | . 3 3 3 Max Kills in Single Turn 3 | 1 1 3 2 Gunslinging . | . . . . Exploded 3 | . . 3 2 Melee 1 | . . . 1 Uniques/NPCs Destroyed . | . . . . Combat | -11 -10 -10 -10 -------- Run | Yrd Mat Min Sub Hostile Shots Fired 150 | . 61 1 88 Missed 41 | . 15 . 26 Hits 109 | . 46 1 62 Projectile 109 | . 46 1 62 AOE 1 | . . . 1 Critical Strikes 1 | . . . 1 Damage Taken 2269 | . 715 10 1544 Core 261 | . 132 . 129 Absorbed by Shields . | . . . . Ignored by Resistances 15 | . . . 15 Core Remaining (%) 100 | 100 . . . Volleys Fired 122 | 16 37 1 68 Largest 2 | 2 2 1 2 Hottest 120 | 40 53 33 120 Shots Fired 197 | 32 70 1 94 Gun 133 | 32 66 . 35 Cannon 27 | . . . 27 Launcher 37 | . 4 1 32 Special . | . . . . Kinetic 170 | 32 66 . 72 Thermal 5 | . . . 5 Explosive 22 | . 4 1 17 Electromagnetic . | . . . . Robot Hit Streak 10 | 6 8 . 10 Robot Miss Streak 3 | 2 2 . 3 Penetration Max . | . . . . Secondary Targets 1 | . 1 . . Max Gunslinging Chain 1 | . 1 . . Shots Hit Robots 135 | 20 48 5 62 Core Hits 62 | 10 12 5 35 Critical Kills 1 | 1 . . . Critical Parts Destroyed . | . . . . Critical Strikes 2 | 1 . . 1 Destroy 1 | 1 . . . Blast 1 | . . . 1 Melee Attacks 21 | . . 5 16 Impact . | . . . . Slashing 21 | . . 5 16 Piercing . | . . . . Sneak Attacks 5 | . . 5 . Combat Hostiles . | . . . . Follow-up Attacks . | . . . . Damage Inflicted 3957 | 216 674 466 2601 Guns 1216 | 216 604 . 396 Cannons 293 | . . . 293 Explosions 1917 | . 70 83 1764 Melee 531 | . . 383 148 Ramming . | . . . . Kinetic 2034 | 216 604 . 1214 Thermal 50 | . . . 50 Explosive 1342 | . 70 83 1189 Electromagnetic . | . . . . Impact . | . . . . Slashing 531 | . . 383 148 Piercing . | . . . . Highest Corruption . | . . . . Average Corruption . | . . . . Corruption Purged . | . . . . Corruption Blocked . | . . . . Overload Shots . | . . . . Overflow Damage 225 | . 51 154 20 Projectiles . | . . . . Explosions 71 | . 51 . 20 Melee 154 | . . 154 . Knockbacks 1 | . . . 1 Impact . | . . . . Kinetic 1 | . . . 1 Secondary . | . . . . Self-Inflicted Damage 205 | . 95 . 110 Shots 6 | . 2 . 4 Rammed . | . . . . Targets Rammed . | . . . . Kicked . | . . . . Crushed . | . . . . Highest Temperature 267 | . 10 . 267 Average Temperature 46 | . 3 . 119 Received Heat Transfer 784 | . 267 . 517 Siege Activations . | . . . . Martial Activations . | . . . . Shielding Activations . | . . . . Robots Disrupted . | . . . . Combat Hostiles . | . . . . Robots Corrupted . | . . . . Combat Hostiles . | . . . . Parts Fried . | . . . . Impact Corruptions . | . . . . Robots Melted . | . . . . Combat Hostiles . | . . . . Parts Melted . | . . . . Heat Transferred 74 | . . . 74 Parts Sabotaged . | . . . . Parts Stolen . | . . . . Parts Stripped . | . . . . Power Chain Reactions . | . . . . Alert | -11 -10 -10 -10 ------- Run | Yrd Mat Min Sub Maximum Alert Level . | . . . . Low Security (%) 100 | 100 100 100 . Level 1 . | . . . . Level 2 . | . . . . Level 3 . | . . . . Level 4 . | . . . . Level 5 . | . . . . High Security . | . . . . Max Security . | . . . . Peak Influence 106 | 10 106 81 . Initial 6 | . . 6 . Average 33 | 3 48 19 . Influence Increases 572 | 35 301 96 140 Destroy 0b10 Robot/C 320 | . 140 60 120 Destroy 0b10 Robot/NC 55 | 35 5 15 . Destroy Leader 62 | . 32 10 20 Successful Hack 50 | . 50 . . Destroy Structure 55 | . 44 11 . Lose Combat Pursuer 30 | . 30 . . Influence Decreases 572 | 35 284 113 140 Entered New Map 11 | . . 11 . Time Decay 505 | 35 256 102 112 Lost Part 56 | . 28 . 28 Squads Dispatched 1 | . 1 . . Investigation . | . . . . Extermination . | . . . . Reinforcement 1 | . 1 . . Assault . | . . . . Garrison . | . . . . Intercept . | . . . . Searches Triggered . | . . . . Construction Impeded . | . . . . Haulers Reinforced . | . . . . Active Scanning Responses . | . . . . Cargo Convoy Interrupts . | . . . . Stealth | -11 -10 -10 -10 --------- Run | Yrd Mat Min Sub Distress Signals 1 | . 1 . . Communications Jammed . | . . . . Distress Signals . | . . . . Times Spotted 40 | . 16 2 22 Peak Tracking Total 5 | . 5 3 3 Tactical Retreats 2 | . 2 . . Traps | -11 -10 -10 -10 ------- Run | Yrd Mat Min Sub Traps Triggered 5 | . 2 . 3 Indirectly . | . . . . Trap Hack Attempts . | . . . . Triggered . | . . . . Disarmed . | . . . . Reprogrammed . | . . . . Reused 1 | . . . 1 Traps Extracted . | . . . . Installed 2 | . . . 2 Triggered . | . . . . Most Traps Carried 1 | . . . 1 Machines | -11 -10 -10 -10 ---------- Run | Yrd Mat Min Sub Machines Disabled . | . . . . Max in Single Turn . | . . . . Machines Repaired . | . . . . Machines Dismantled . | . . . . Machines Sabotaged . | . . . . Overloaded Fab Kills . | . . . . Hacking | -11 -10 -10 -10 --------- Run | Yrd Mat Min Sub Machines Accessed 9 | . 5 . 4 Terminals 5 | . 5 . . Fabricators . | . . . . Repair Stations . | . . . . Recycling Units . | . . . . Scanalyzers . | . . . . Garrison Access . | . . . . Total Hacks 34 | . 18 . 16 Successful 26 | . 10 . 16 Failed 8 | . 8 . . Catastrophic . | . . . . Database Lockouts . | . . . . Manual 15 | . 15 . . Terminals 18 | . 18 . . Fabricators . | . . . . Repair Stations . | . . . . Recycling Units . | . . . . Scanalyzers . | . . . . Garrison Access . | . . . . Terminal Hacks 20 | . 4 . 16 Record 13 | . . . 13 Part Schematic 1 | . 1 . . Robot Analysis 2 | . 2 . . Prototype ID Bank 1 | . 1 . . Open Door 1 | . . . 1 Proto ID Catalog 1 | . . . 1 Release Object 1 | . . . 1 Fabricator Hacks . | . . . . Repair Station Hacks . | . . . . Recycling Unit Hacks . | . . . . Scanalyzer . | . . . . Garrison Access Hacks . | . . . . Unauthorized Hacks 6 | . 6 . . Terminals 6 | . 6 . . Botnet 5 | . 5 . . Operators 1 | . 1 . . Fabricators . | . . . . Repair Stations . | . . . . Recycling Units . | . . . . Scanalyzers . | . . . . Garrison Access . | . . . . Data Cores Recovered . | . . . . Used . | . . . . Hacking Detections 5 | . 5 . . Full Trace Events 1 | . 1 . . Feedback Events . | . . . . Feedback Blocked . | . . . . Robot Schematics Acquired . | . . . . Robots Built . | . . . . Authchips . | . . . . Time . | . . . . Total Robot Build Rating . | . . . . Part Schematics Acquired 1 | . 1 . . Parts Built . | . . . . Authchips . | . . . . Time . | . . . . Total Part Build Rating . | . . . . Parts Repaired . | . . . . Time . | . . . . Parts Recycled . | . . . . Recycled Matter . | . . . . Retrieved Matter . | . . . . Retrieved Components . | . . . . Parts Scanalyzed . | . . . . Part Schematics Acquired . | . . . . Parts Damaged . | . . . . Bothacking | -11 -10 -10 -10 ------------ Run | Yrd Mat Min Sub Used RIF Installer . | . . . . Robots Hacked . | . . . . Non-combat . | . . . . Combat . | . . . . Robot Hacks Applied . | . . . . Relay Couplers Released . | . . . . Fabnet Peak Effective % . | . . . . Robots Rewired . | . . . . Allies Hacked . | . . . . Hacks Repelled . | . . . . Allies | -11 -10 -10 -10 -------- Run | Yrd Mat Min Sub Total Allies . | . . . . Largest Group . | . . . . Highest-Rated Group . | . . . . Highest-Rated Ally . | . . . . Total Orders . | . . . . Ally Attacks . | . . . . Total Damage . | . . . . Kills . | . . . . Allies Corrupted . | . . . . Allies Melted . | . . . . Intel | -11 -10 -10 -10 ------- Run | Yrd Mat Min Sub Active Infowar (turns) 908 | 19 482 . 407 Terrain 908 | 19 482 . 407 Robot Analysis Total 2 | . 2 . . Derelict Logs Recovered 2 | . . 1 1 Drone Launches . | . . . . Drone Recoveries . | . . . . Exploration | -11 -10 -10 -10 ------------- Run | Yrd Mat Min Sub Turns Passed 3175 | 122 584 324 2145 Spaces Moved 2316 | 70 391 271 1584 Core 9 | 9 . . . Treads . | . . . . Legs . | . . . . Wheels 2307 | 61 391 271 1584 Hover . | . . . . Flight . | . . . . Fastest Speed 50 | 50 80 95 90 Average Speed 103 | 76 88 100 108 Slowest Speed 135 | 80 110 110 135 Overloaded Moves . | . . . . Propulsion Burnouts . | . . . . Robots Hopped . | . . . . Potential Cave-ins . | . . . . Cave-ins Triggered . | . . . . Exploration Rate (%) 48 | 4 57 66 66 Regions Visited 3 Branch Regions 2 Pre-discovered Areas 2 | . . 1 1 Known Exits Taken . | . . . . Unknown Exits Taken 3 | 1 1 1 . Scrap Searched 7 | . . 1 6 Spaces Dug 7 | . . . 7 Terrain Destroyed 331 | . 48 13 270 Melee 2 | . . . 2 Projectile 1 | . . . 1 AOE 328 | . 48 13 267 Terrain Rammed . | . . . . Walls Destroyed . | . . . . Machines Disabled . | . . . . Actions | -11 -10 -10 -10 --------- Run | Yrd Mat Min Sub Total 2877 | 110 562 316 1889 Wait 274 | . 85 29 160 Move 2313 | 69 390 270 1584 Hop . | . . . . Pick Up 67 | 16 23 5 23 Fast Attach . | . . . . Attach 24 | 7 3 1 13 Detach . | . . . . Swap 25 | . 11 2 12 Drop 28 | 2 13 3 10 Fire 122 | 16 37 1 68 Melee 21 | . . 5 16 Ram . | . . . . Kick . | . . . . Crush . | . . . . Escape Stasis . | . . . . Rewire . | . . . . Trap 2 | . . . 2 Miscellaneous 1 | . . . 1 Route ------- -11/Scrapyard -10/Materials (discovered 2 exits: [*Mat] / [*Min]) -10/Mines (discovered 2 exits: [*Mat] / *Sub) -10/Subcaves History --------- Turn | Location | Event 23 | -11/Scrapyard | Discovered new exit (range 16) 123 | -11/Scrapyard | Entered Materials 141 | -10/Materials | Discovered new exit (range 16) 350 | -10/Materials | Build established: Mutant 427 | -10/Materials | Discovered new exit (range 10) 661 | -10/Materials | Lost 3 parts (1p1n1w) 676 | -10/Materials | Core integrity fell below 50% 707 | -10/Materials | Entered Mines 715 | -10/Mines | Learned location of Zion (-6) 723 | -10/Mines | YI-UF0 nonchalantly dropped a Grenade Launcher on the ground 776 | -10/Mines | Discovered new exit (range 9) 783 | -10/Mines | A weapon hastily lodged in a ceiling crevice suddenly fell to the ground 1023 | -10/Mines | Discovered new exit (range 7) 1031 | -10/Mines | Entered Subcaves 1032 | -10/Subcaves | Approached by a straggling Scientist 1048 | -10/Subcaves | Met a Zionite searching for "candidates" 1256 | -10/Subcaves | Lost 5 parts (1p2n2w) 1322 | -10/Subcaves | Released subatomizers from SUBCON Basin 1384 | -10/Subcaves | Disturbed a concealed Subdweller 1462 | -10/Subcaves | Ambushed by Subdwellers from Twisted Machinery 1467 | -10/Subcaves | Core integrity fell below 20% 2422 | -10/Subcaves | Visited Clippyterm 2425 | -10/Subcaves | Learned Research security intel 2430 | -10/Subcaves | Build established: Derelict-Mutant 2459 | -10/Subcaves | Shifting Twisted Machinery released Sub. Shrapnel Launcher 2476 | -10/Subcaves | Shifting Twisted Machinery released Sub. Laser 2641 | -10/Subcaves | Visited 4L-MR0's lab 2675 | -10/Subcaves | A swath of the cavern ceiling suddenly collapsed 2680 | -10/Subcaves | Learned Materials emergency access door positions 2802 | -10/Subcaves | Lost 3 parts (1p1n1w) 2916 | -10/Subcaves | A swath of the cavern ceiling suddenly collapsed 3044 | -10/Subcaves | Build established: Mutant 3168 | -10/Subcaves | Ambushed by Subdweller buried in earth 3176 | -10/Subcaves | Destroyed by KF-KWZ(R) with Subdweller Shrapnel Launcher Last Messages --------------- 02783_ Acquired 18 matter. 02787_ Acquired Sub. Monowheel. 02788_ Acquired 22 matter. 02799_ Subatomizers dissect the Disposable Heat Sink. A swath of the cavern ceiling suddenly collapses. 02971_ Y-45 Defender destroyed. 02979_ Lgt. Treads fries itself beyond repair. 02979_ Beam Rifle fries itself beyond repair. 02980_ Acquired 42 matter. 03079_ Mak. Kinetic Plating destroyed. 03079_ Destroyed Mak. Kinetic Plating. 03150_ 35-XY0(R) destroyed. 03162_ 1X-NO3(R): "MADSUB!" 03164_ Subatomizers dissect the Wheel. 03169_ I0-YWW(R): "ARGHSUB!" 03170_ Sub. Shrapnel Launcher shoots sparks and powers down. 03173_ 1X-NO3(R) destroyed. Map ----- +----------------------------------------------------+ | ?????????????????????????????????????????????????? | | ?????????????????????????????????????????????????? | | ?????????????????????????????????????????????????? | | ?????????????????????????????????????????????????? | | ?????????????????????????????????????????????????? | | ?????????????????????????????????????????????????? | | ?????????????????????????????????????????????????? | | ?????????????????????????????????????????????????? | | ?????????????????????????????????????????????????? | | ?????????????????????????????????????????????????? | | ?????????????????????????????????????????????????? | | ????????????????????????????? ???????????????????? | | ????????????????????????????? ????????????????? | | ????????????? ???????????? #?????????????? | | ??????????? ??????????? ????????????? | | ?????????? ??????????? && ????????????? | | ??????????" =&[ ????????## ; ???????????? | | ??????????#"&% ???????## ####???#####?? | | ???????????" & #?????## R ## ##### #?? | | ???????????? ; ?????# # # #?? | | ??????????????; ######; ;# ##?? | | ???????????????#* ;; ## ; # #??? | | ??????????????##% ; ;;;# # ##### #??? | | ??????????????# = ; ##???# #??? | | ????????????### ;###### ##?? | | ???????????""""R @ #?? | | ????????????? # ; ; ; #?? | | ??????????????####;;#; ;;; & # ##?? | | ?????????????????##?## ;; ; # # ####??? | | ?????????????????????##### ;; ! ;#####?????? | | ?????????????????????????# ## #????????# | | ?????????????????????????# ## ; #??????### | | ?????????????????????????# ##" ;###????### | | ?????????????????????????# #### ##??????# | | ??????????????????#####??# #??# ###?###### | | ??????????????###?#" [##### ##### ### ## | | ??????????????? =?### ""### ## ### # | | ???????????????""####" "## ### # | | ??????????????## ## ###" ### ### # | | ??????????????#" ### # # #?## #### ## | | ??????????????#"" #?# ## ##??# #### ##? | | ??????????????#"X #?# ## ##???# ##? | | ??????????????#"" #?# #" ### ##?#?# #? | | ??????????????#" #### ## #?# # ### ## | | ??????????????#" ##" " ### #### ## | | ??????????????# #+## ## ## ######## | | ??????????????#""# ## ] ## ## #### ##?## | | ????????? ????#### "### # ##??# ### | | ?????????? #?????# """ ### # ##???# | | ?????????? ????########"## ##????# # | +----------------------------------------------------+ Best States ------------- Heat Dissipation 25 Energy Generation 14 Energy Capacity 250 Matter Stores 300 Matter Capacity 300 Sight Range 16 Terrain Scan Range 16 Terrain Scan Density 10 Armor Coverage 150 Resistance: KI 10 Evasion (%) 44 Targeting Accuracy 6 Recoil Reduction 1 Item Schematics ----------------- Huge Storage Unit | -10/Materials | Hacked Robot Schematics ------------------ None Fabricated ------------ Nothing Repaired ---------- Nothing Alien Tech Used ----------------- None Achievements -------------- None Challenges ------------ None Game ------ Seed BoreHardenedNullifier Manual? 0 Play Time 00:33:05 Cumulative 349.6 hours Start 2025.05.23 @ 09:15:58 End 2025.05.23 @ 09:45:26 Sessions 1 Manual Loads 0 Difficulty Rogue Special Mode None Game No. 394 Rogue 394 Adventurer 0 Explorer 0 Win Type - Total 6 Types 3/1/1/1/0/0/0/0/0/0 Lore% 56 Gallery% 68 Achievement% 68 Wizard Run 0 Options --------- Layout 1 ASCII 0 Keyboard 0 Movement Numpad Keybinds 0 Fullscreen 1 Font 32/SmallcapsGlow Map View 50x35 Zoom Use 0% Tactical HUD 1 Map Filters NONE Filters NONE Steam 1 RUN: f8a3d65d-8abc-413c-8628-c23f57578130